 Dungeon Crawl Stone Soup version 0.22.0-75-g3901e79 (webtiles) character file.

2127 lysyklops the Magician (level 9, -2/45 HPs)
             Began as a Deep Elf Air Elementalist on Sept 12, 2018.
             Slain by an ogre
             ... wielding a +0 giant club
              (8 damage)
             ... on level 6 of the Dungeon.
             The game lasted 00:19:48 (7962 turns).

lysyklops the Magician (Deep Elf Air Elementalist)  Turns: 7962, Time: 00:19:49

Health: -2/45      AC:  4    Str:  5    XL:     9   Next: 8%
Magic:  4/22       EV: 16    Int: 24    God:
Gold:   350        SH:  0    Dex: 15    Spells: 8/23 levels left

rFire    . . .     SeeInvis .   f - +0 dagger (pain)
rCold    . . .     Gourm    .   (no shield)
rNeg     . . .     Faith    .   a - +0 robe
rPois    .         Spirit   .   (no helmet)
rElec    .         Reflect  .   K - +1 cloak
rCorr    .         Harm     .   (no gloves)
MR       .....                  (no boots)
Stlth    ++........             (no amulet)
HPRegen  0.15/turn              (no ring)
MPRegen  0.18/turn              (no ring)

@: no status effects
A: no striking features
a: no special abilities


You were on level 6 of the Dungeon.
You were not hungry.

You visited 1 branch of the dungeon, and saw 7 of its levels.

You collected 350 gold pieces.

Inventory:

Hand Weapons
 f - a +0 dagger of pain (weapon)
 z - the +9 whip "Reogg" {drain, Str+3, unknown}
   (You found it on level 4 of the Dungeon)

   A truly terrible weapon, it drains the life of those it strikes.
   It affects your strength (+3).
Armour
 a - a +0 robe (worn)
 K - a +1 cloak (worn)
Jewellery
 k - an uncursed amulet of the acrobat {unknown}
 n - an uncursed ring of stealth {unknown}
 o - an uncursed amulet of the gourmand {unknown}
 u - an uncursed amulet of the gourmand {unknown}
 B - a cursed ring of wizardry {unknown}
 C - an uncursed ring of positive energy {unknown}
 F - a cursed -2 ring of strength {unknown}
Wands
 s - a wand of flame (24)
 y - a wand of paralysis (8)
 G - a wand of acid (10)
 M - a wand of polymorph (14)
Scrolls
 b - 6 scrolls of identify {unknown}
 e - 2 scrolls of enchant weapon {unknown}
 h - 3 scrolls of teleportation {unknown}
 l - 2 scrolls of amnesia {unknown}
 r - a scroll of fear {unknown}
 w - a scroll of immolation {unknown}
 x - a scroll of random uselessness {unknown}
 A - a scroll of blinking {unknown}
 E - a scroll of remove curse {unknown}
 I - a scroll of noise {unknown}
 J - a scroll of fog {unknown}
Potions
 d - a potion of resistance {unknown}
 g - 3 potions of lignification {unknown}
 i - 2 potions of cancellation {unknown}
 j - a potion of brilliance {unknown}
 m - 2 potions of heal wounds
 p - a potion of degeneration {unknown}
 q - 3 potions of ambrosia {unknown}
 t - 2 potions of magic {unknown}
 v - 2 potions of flight {unknown}
 D - a potion of invisibility {unknown}
 H - a potion of agility {unknown}
 L - a potion of mutation {unknown}
Comestibles
 c - 9 rations


   Skills:
 + Level 6.9 Dodging
 - Level 2.4 Stealth
 + Level 7.6 Spellcasting
 * Level 7.0 Conjurations
 + Level 7.3 Air Magic


You had 8 spell levels left.
You knew the following spells:

 Your Spells              Type           Power        Failure   Level  Hunger
a - Shock                 Conj/Air       ####         1%          1    None
b - Swiftness             Chrm/Air       ####....     2%          2    None
c - Airstrike             Air            #####.....   3%          4    ###....
d - Static Discharge      Conj/Air       #####...     1%          3    None
e - Lightning Bolt        Conj/Air       #####.....   10%         5    #####..

Your spell library contained the following spells:

 Spells                   Type           Power        Failure   Level  Hunger


Dungeon Overview and Level Annotations

Branches:
Dungeon (7/15)
 Temple: D:4-7

Altars:
Fedhas
The Shining One


Message History

The ogre is severely wounded.
The orc priest invokes the aid of Beogh against you.
Beogh smites you!
A scorpion comes into view.
The ogre completely misses you.
You climb upwards.
There is a stone staircase leading down here.
Casting: Airstrike (safe; 3% risk of failure)
Confirm with . or Enter, or press ? or * to list all spells.
Aiming: Shock (safe; 1% risk of failure)
Press: ? - help, Shift-Dir - straight line, f - ogre
Aim: an ogre, wielding a giant club (severely wounded)
The zap hits the ogre.
The ogre is severely wounded.
The ogre hits you with a giant club!
* * * LOW HITPOINT WARNING * * *
Things that are here:
a chain mail; a hand axe; a dagger The ogre hits you with a giant club!
You die...

.###.###....(.################
.# #..##.....................#
.# ##.##.....##..............#
## #.........#...........)..#
#..<#'#'#.#..............# ###
#...#....................# ..#
#...#....###.............# #.#
###.#....###.############# #.#
#.......['@# ..#
##.....###O####### ###
#.......#..'..#.########
#######.#..#........#..##...#
#....##.........[..####.)...#
###.##.##......#..+.## ###..)#
#...##.##...#..#.#### #####
#.####......####[# #.#
######..####.#


You could see an ogre.

Vanquished Creatures
  Sigmund (D:4)
  Eustachio (D:6)
  A hungry ghost (D:3)
  2 ogres
  A sky beast (D:6)
  A necrophage (D:4)
  2 centaurs (D:5)
  Blork the orc (D:6)
  3 bullfrogs (D:6)
  A water moccasin zombie (D:6)
  A crimson imp (D:5)
  5 orc priests
  A bullfrog skeleton (D:5)
  Crazy Yiuf (D:6)
  2 hounds
  2 jellies
  Ijyb (D:4)
  6 worker ants
  2 orc wizards
  A hound zombie (D:7)
  A howler monkey zombie (D:6)
  2 worker ant zombies (D:5)
  7 adders
  8 gnolls
  2 adder skeletons
  2 dart slugs
  7 leopard geckos
  20 orcs
  5 ball pythons
  3 giant cockroaches
  8 hobgoblins
  9 jackals
  4 kobolds
  2 quokkas
  5 bats
  5 frilled lizards
  5 goblins
  6 rats
137 creatures vanquished.

Notes
Turn   | Place    | Note
-------+----------+-------------------------------------------
     0 | D:1      | lysyklops the Deep Elf Air Elementalist began the quest for
                  | the Orb.
     0 | D:1      | Reached XP level 1. HP: 10/10 MP: 6/6
   198 | D:1      | Reached XP level 2. HP: 15/15 MP: 2/8
   685 | D:1      | Learned a level 2 spell: Swiftness
   929 | D:1      | Reached XP level 3. HP: 19/19 MP: 7/10
  1793 | D:2      | Reached XP level 4. HP: 24/24 MP: 9/11
  1799 | D:2      | Learned a level 4 spell: Airstrike
  3006 | D:4      | Reached XP level 5. HP: 26/28 MP: 0/13
  3106 | D:4      | Learned a level 3 spell: Static Discharge
  3141 | D:4      | Noticed a hungry ghost
  3197 | D:3      | Killed a hungry ghost
  3197 | D:3      | Reached XP level 6. HP: 17/32 MP: 1/15
  3597 | D:4      | Reached skill level 5 in Spellcasting
  3597 | D:4      | Reached skill level 5 in Air Magic
  3606 | D:4      | HP: 1/32 [gnoll/whip (10)]
  4197 | D:4      | Noticed Sigmund
  4248 | D:4      | Noticed Ijyb
  4255 | D:4      | Killed Ijyb
  4558 | D:4      | Reached XP level 7. HP: 33/36 MP: 4/17
  4826 | D:4      | Got an ancient whip
  5050 | D:4      | Reached skill level 5 in Dodging
  5254 | D:4      | Killed Sigmund
  5628 | D:5      | Entered Level 5 of the Dungeon
  6008 | D:5      | Reached XP level 8. HP: 38/41 MP: 8/19
  6300 | D:5      | Reached skill level 5 in Conjurations
  6912 | D:6      | Found a blossoming altar of Fedhas.
  7171 | D:6      | Noticed Eustachio
  7177 | D:6      | Found a runed door.
  7277 | D:6      | Noticed Crazy Yiuf
  7280 | D:6      | Killed Crazy Yiuf
  7483 | D:6      | Noticed Blork the orc
  7486 | D:6      | Killed Blork the orc
  7551 | D:6      | Found a glowing golden altar of the Shining One.
  7593 | D:6      | Killed Eustachio
  7593 | D:6      | Reached XP level 9. HP: 45/45 MP: 5/22
  7703 | D:6      | Learned a level 5 spell: Lightning Bolt
  7962 | D:6      | Slain by an ogre

Skill      XL: |  1  2  3  4  5  6  7  8  9 |
---------------+----------------------------+-----
Dodging        | 3 4 5 6 |  6.9
Conjurations   | 2 3 4 6 7 |  7.0
Spellcasting   | 4 5 6 7 |  7.6
Air Magic      | 4 5 6 7 |  7.3
Stealth        | |  2.4

Action                   |  1- 3 |  4- 6 |  7- 9 || total
-------------------------+-------+-------+-------++-------
 Cast: Shock             |    87 |   138 |   144 ||   369
       Swiftness         |     2 |     2 |       ||     4
       Static Discharge  |       |     5 |     3 ||     8
       Airstrike         |       |     1 |    37 ||    38
  Eat: Chunk             |     2 |     5 |     8 ||    15
       Ration            |       |     2 |     2 ||     4
Armor: Robe              |     2 |     2 |     3 ||     7
Dodge: Dodged            |    13 |    39 |    30 ||    82
